 Dungeon Crawl Stone Soup version 0.30.0-13-g156ef70053 (webtiles) character file.

Game seed: 1347338237391493942

1020 jagang the Conjurer (level 8, -7/54 HPs)
             Began as a Demonspawn Conjurer on May 17, 2023.
             Killed by vampiric draining
             ... invoked by Esekla's ghost
              (16 damage)
             ... on level 4 of the Dungeon.
             The game lasted 00:31:57 (4588 turns).

jagang the Conjurer (Demonspawn Conjurer)           Turns: 4588, Time: 00:32:27

Health: -7/54      AC:  6    Str:  8    XL:     8   Next: 2%
Magic:  11/13      EV: 12    Int: 21    God:
Gold:   235        SH:  0    Dex: 12    Spells: 11/14 levels left

rFire   . . .        k - staff of earth
rCold   . . .        (no shield)
rNeg    . . .        c - +0 leather armour
rPois   .            r - +2 hat {Stlth+}
rElec   .            a - +0 cloak
rCorr   .            (no gloves)
SInv    .            (no boots)
Will    .....        (no amulet)
Stlth   +++          (no ring)
HPRegen 0.29/turn    (no ring)
MPRegen 0.13/turn

%: no passive effects
@: no status effects
A: spiny 2, weakness stinger 2
a: no special abilities


You were on level 4 of the Dungeon.
You visited 1 branch of the dungeon, and saw 5 of its levels.

You collected 235 gold pieces.

Inventory:

Armour
 a - a +0 cloak (worn)
 c - a +0 leather armour (worn)
 r - a +2 hat of stealth (worn)
Magical Staves
 k - a staff of earth (weapon)
 y - a staff of air
Wands
 t - a wand of acid (11)
 C - a wand of roots (12)
Scrolls
 e - a scroll of vulnerability {unknown}
 f - a scroll of poison {unknown}
 g - 2 scrolls of enchant armour {unknown}
 h - 3 scrolls of identify
 j - a scroll of amnesia {unknown}
 o - 3 scrolls of teleportation {unknown}
 s - a scroll of fog {unknown}
 u - a scroll of blinking {unknown}
 v - 2 scrolls of enchant weapon {unknown}
 x - a scroll of immolation {unknown}
 z - 2 scrolls of silence {unknown}
 B - a scroll of magic mapping {unknown}
Potions
 i - a potion of might
 m - a potion of attraction {unknown}
 n - a potion of resistance {unknown}
 p - a potion of ambrosia {unknown}
 w - a potion of degeneration {unknown}
 A - a potion of mutation {unknown}


   Skills:
 - Level 1.0 Fighting
 - Level 1.0 Staves
 - Level 2.0 Armour
 + Level 3.8 Dodging
 - Level 1.7 Stealth
 + Level 3.9 Spellcasting
 * Level 6.4 Conjurations
 - Level 2.1 Earth Magic
 + Level 3.3 Evocations


You had 11 spell levels left.
You knew the following spells:

 Your Spells              Type           Power      Damage    Failure   Level
a - Magic Dart            Conj           100%       1d8       1%          1
b - Searing Ray           Conj           62%        2d6       1%          2

Your spell library contained the following spells:

 Spells                   Type           Power      Damage    Failure   Level
 Dazzling Flash           Conj/Hex       34%        N/A       14%         3
 Hailstorm                Conj/Ice       17%        3d6       14%         3
 Freeze                   Ice            16%        1d4       17%         1
 Fulminant Prism          Conj/Hex       8%         3d7       41%         4
 Iskenderun's Mystic Bla  Conj/Tloc      17%        2d5       41%         4
 Call Canine Familiar     Summ           4%         N/A       45%         3
 Frozen Ramparts          Ice            8%         1d2       45%         3
 Portal Projectile        Hex/Tloc       8%         N/A       45%         3
 Leda's Liquefaction      Hex/Erth       6%         N/A       73%         4


Dungeon Overview and Level Annotations

Branches:
Dungeon (5/15)             Temple (0/1) D:5

Altars:
Dithmenos
Gozag
Kikubaaqudgha
Uskayaw

Annotations:
D:4 1 transporter, Esekla's ghost, amateur OpNe


Innate Abilities, Weirdness & Mutations

You are mostly covered in sharp spines.
You have a tail ending in a sharp stinger.


Message History

(Press . to maintain the ray.) Esekla's ghost hits you but does no damage.
You feel your dexterity returning.
You have reached level 8!
You feel agile.
Your demonic ancestry asserts itself...
Your tail grows a sharp stinger.
You barely miss Esekla's ghost.
Esekla's ghost is almost destroyed.
Esekla's ghost draws life force from you.
Esekla's ghost is healed by the life force!
You hit Esekla's ghost. You tail-slap Esekla's ghost.
Esekla's ghost is almost destroyed.
Esekla's ghost completely misses you.
You closely miss Esekla's ghost.
Esekla's ghost is almost destroyed.
Esekla's ghost screams, "They lied to you.
The Dungeon just goes down and down forever."
Esekla's ghost hits you but does no damage.
Your magical contamination has completely faded away.
You hit Esekla's ghost.
Esekla's ghost is almost destroyed.
Esekla's ghost draws life force from you!!
Esekla's ghost is healed by the life force!
Esekla's ghost whispers, "It is all a dream - a grotesque and foolish dream."
Esekla's ghost draws life force from you!!
* * * LOW HITPOINT WARNING * * *
Esekla's ghost is healed by the life force!
Magic courses through your body.
Esekla's ghost is struck by your spines.
Esekla's ghost hits you.
* * * LOW HITPOINT WARNING * * *
Casting: Searing Ray (safe; 1% risk of failure)
Confirm with . or Enter, or press ? or * to list all spells.
Aiming: Searing Ray (safe; 1% risk of failure)
Press: ? - help, Shift-Dir - straight line, f - Esekla's ghost
Aim: Esekla's ghost (heavily damaged, 71% to hit)
The searing ray hits Esekla's ghost.
Esekla's ghost is heavily damaged. (Press . to maintain the ray.) Esekla's ghost draws life force from you!
You die...

...........##.#.....##..........#
...........#.#...#..#...#####.#..
...........#...#©.=/#©..# #....
...........##.....#[#..## ####.
...........©#.#...#.##.# ##
..##.......##..##.#..#.# #
##.........#...#...#.#.# #######
##....))...##....#..##.####......
...).....#[.##..@W..#.......#####
..#.###..##..#####=##..#.####
###'###÷###......###...#..###
#.....#)###.####.....#......#
#.♣.♣.#..[#.##...[#####^....#
'.._..'.#.#.##....# #.....#
#.♣.♣.###...#....## #.....#
#.....#......>...# #.....#
###'###..##.##...# #######


You could see Esekla's ghost.

Vanquished Creatures
  Duvessa (D:4)
  A water moccasin (D:4)
  An ice beast (D:3)
  An ogre (D:4)
  2 phantoms
  A scorpion (D:3)
  Dowan (D:4)
  4 quasits (D:4)
  Ijyb (D:4)
  A hound (D:4)
  11 adders
  A worm (D:4)
  4 dart slugs
  5 orcs
  5 ball pythons
  3 bats
  8 endoplasms
  4 giant cockroaches
  12 goblins
  11 hobgoblins
  2 jackals (D:1)
  5 quokkas
  6 frilled lizards
  11 kobolds
  10 rats
112 creatures vanquished.

Notes
Turn   | Place    | Note
-------+----------+-------------------------------------------
     0 | D:1      | jagang the Demonspawn Conjurer began the quest for the Orb.
     0 | D:1      | Reached XP level 1. HP: 13/13 MP: 3/3
   251 | D:1      | Gained mutation: You are partially covered in sharp spines.
                  | [demonic ancestry]
   251 | D:1      | Reached XP level 2. HP: 19/19 MP: 0/5
  1209 | D:1      | Reached XP level 3. HP: 18/24 MP: 1/6
  1302 | D:1      | Learned a level 2 spell: Searing Ray
  1488 | D:2      | Found an opulent altar of Gozag.
  1492 | D:2      | Reached skill level 1 in Evocations
  1695 | D:2      | Reached skill level 1 in Fighting
  1695 | D:2      | Reached XP level 4. HP: 32/32 MP: 5/7
  1993 | D:2      | Reached skill level 1 in Earth Magic
  2156 | D:2      | Reached skill level 1 in Staves
  2556 | D:3      | Reached XP level 5. HP: 37/37 MP: 4/8
  3120 | D:3      | Found an ancient bone altar of Kikubaaqudgha.
  3419 | D:4      | Noticed Dowan
  3421 | D:4      | Noticed Duvessa
  3541 | D:4      | Noticed an ice beast
  3541 | D:4      | Noticed a phantom
  3562 | D:3      | Killed an ice beast
  3563 | D:3      | Reached skill level 5 in Conjurations
  3563 | D:3      | Gained mutation: You are mostly covered in sharp spines.
                  | [demonic ancestry]
  3563 | D:3      | Reached XP level 6. HP: 21/43 MP: 0/10
  3659 | D:4      | Found a hide-covered altar of Uskayaw.
  3686 | D:4      | Found a transporter.
  3703 | D:4      | Noticed Esekla's ghost (amateur OpNe)
  3708 | D:4      | Reached skill level 1 in Armour
  3842 | D:4      | Noticed Ijyb
  3855 | D:4      | Killed Ijyb
  3936 | D:4      | Found a transporter.
  4066 | D:4      | Noticed a water moccasin
  4088 | D:4      | Killed a water moccasin
  4089 | D:4      | Gained mutation: You have a small tail. [demonic ancestry]
  4089 | D:4      | Reached XP level 7. HP: 42/48 MP: 1/12
  4108 | D:4      | HP: 2/48 [Duvessa/+0 short sword (5)]
  4113 | D:4      | Killed Duvessa
  4119 | D:5      | Entered Level 5 of the Dungeon
  4119 | D:5      | Found a staircase to the Ecumenical Temple.
  4306 | D:4      | Reached skill level 6 in Conjurations
  4355 | D:4      | Found a shadowy altar of Dithmenos.
  4361 | D:4      | Killed Dowan
  4583 | D:4      | Gained mutation: You have a tail ending in a sharp stinger.
                  | [demonic ancestry]
  4583 | D:4      | Reached XP level 8. HP: 53/54 MP: 0/13
  4588 | D:4      | Killed from afar by Esekla's ghost

Illustrated notes

Levels and vault maps discovered:
D:1:      matt_arrival_los_fun, layout_basic
D:2:      minmay_door_path, layout_rooms, basic_altar, serial_corexii_hall,
          chequers_hall_statues_y, chequers_hall_statues_corner_a,
          lexackson_kobold_supper
D:3:      layout_loops_ring, general_overflow_altar
D:4:      layout_rooms, kennysheep_little_box, mainiacjoe_overflow_brackets,
          gammafunk_ghost_stat_death, uniq_duvessa, uniq_ijyb
D:5:      layout_rooms, nicolae_hepliaklqana_hippocampus,
          makhleb_blood_cavern_becter, temple_fountains

Skill      XL: |  1  2  3  4  5  6  7 |
---------------+----------------------+-----
Dodging        | 2 3 |  3.8
Evocations     | 1 2 3 |  3.3
Fighting       | 1 |  1.0
Earth Magic    | 1 2 |  2.1
Staves         | 1 |  1.0
Spellcasting   | 3 |  3.9
Conjurations   | 5 6 |  6.4
Armour         | 1 2 |  2.0
Stealth        | |  1.7

Action                     |  1- 3 |  4- 6 |  7- 9 || total
---------------------------+-------+-------+-------++-------
  Melee: Unarmed           |    25 |       |       ||    25
         Staff             |    13 |    40 |    17 ||    70
         Tailslap          |       |       |     5 ||     5
   Cast: Magic Dart        |    65 |   115 |    29 ||   209
         Searing Ray       |     1 |     7 |     9 ||    17
    Use: Potion            |       |       |     7 ||     7
         Scroll            |       |       |     1 ||     1
   Stab: Sleeping          |     3 |       |     1 ||     4
 Armour: Robe              |     5 |       |       ||     5
         Leather armour    |     2 |    29 |    28 ||    59
  Dodge: Dodged            |    32 |    38 |    50 ||   120
